 Dungeon Crawl Stone Soup version 0.19-a0-1740-g0bcaf2e (webtiles) character file.

128 Amnesiac the Digger (level 4, 0/30 HPs)
             Began as a Mummy Earth Elementalist on Oct 1, 2016.
             Was an Initiate of Gozag.
             Slain by an orc
             ... wielding a +0 hand axe
              (5 damage)
             ... on level 3 of the Dungeon.
             The game lasted 00:06:01 (3033 turns).

Amnesiac the Digger (Mummy Earth Elementalist)      Turns: 3033, Time: 00:06:01

Health: 0/30       AC:  2    Str: 11    XL:     4   Next: 86%
Magic:  2/8        EV: 12    Int: 14    God:    Gozag
Gold:   324        SH:  0    Dex: 13    Spells: 3 memorised, 2 levels left

rFire  x . .     SeeInvis .     b - 30 stones
rCold  + . .     Gourm    .     c - +0 robe
rNeg   + + +     Faith    .     (no shield)
rPois  ∞         Spirit   .     (no helmet)
rElec  .         Dismiss  .     (no cloak)
rCorr  .         Reflect  .     (no gloves)
MR     .....     Harm     .     (no boots)
Stlth  ++........               (no amulet)
                                (no ring)
                                k - +3 ring of slaying

@: no status effects
A: no food or potions, fire vulnerability, cold resistance 1, negative energy
resistance 3, torment resistance, unbreathing
a: Potion Petition, Call Merchant, Bribe Branch, Renounce Religion


You were on level 3 of the Dungeon.
You worshipped Gozag.
Gozag was aware of your devotion.
You were not hungry.

You visited 1 branch of the dungeon, and saw 4 of its levels.
You also visited: Sewer.

You collected 355 gold pieces.
You paid 31 gold pieces to Gozag.

Inventory:

Hand Weapons
 a - a +0 dagger
Missiles
 b - 30 stones (in hand)
Armour
 c - a +0 robe (worn)
 j - a +0 crystal plate armour
Jewellery
 k - a +3 ring of slaying (left hand)
Scrolls
 g - 2 scrolls of remove curse
 i - a scroll of recharging
Books
 d - a book of Geomancy

   Spells                             Type                      Level
   a - Sandblast                      Earth                        1
   b - Passwall                       Transmutation/Earth          2
   c - Stone Arrow                    Conjuration/Earth            3
   d - Petrify                        Transmutation/Earth          4
   e - Lee's Rapid Deconstruction     Earth                        5


   Skills:
 - Level 1.0 Short Blades
 - Level 1.5 Dodging
 - Level 1.5 Stealth
 - Level 3.0 Spellcasting
 + Level 2.5 Transmutations
 - Level 3.0 Earth Magic


You had 2 spell levels left.
You knew the following spells:

 Your Spells              Type           Power        Failure   Level  Hunger
e - Petrify               Tmut/Erth      #.......     71%         4    N/A
f - Sandblast             Erth           ##....       10%         1    N/A
v - Passwall              Tmut/Erth      #.........   12%         2    N/A

Dungeon Overview and Level Annotations

Branches:
Dungeon (4/15)             Temple (0/1) D:4

Altars:
Gozag


Innate Abilities, Weirdness & Mutations

You do not eat or drink.
Your flesh is vulnerable to fire.
You are immune to poison.
Your flesh is cold resistant. (rC+)
You are immune to negative energy. (rN+++)
You are immune to unholy pain and torment.
You can survive without breathing.


Message History

Unknown command.
Casting: Sandblast
Confirm with . or Enter, or press ? or * to list all spells.
Aiming: Sandblast
Press: ? - help, Shift-Dir - straight line, f/p - orc
Aim: an orc, wielding a hand axe and wearing a scale mail (almost dead)
The rocky blast hits the orc.
The orc is almost dead.
The orc hits you but does no damage.
Unknown command.
Casting: Sandblast
Confirm with . or Enter, or press ? or * to list all spells.
Aiming: Sandblast
Press: ? - help, Shift-Dir - straight line, f/p - orc
Aim: an orc, wielding a hand axe and wearing a scale mail (severely wounded)
The rocky blast hits the orc.
The orc is severely wounded.
The orc hits you with a hand axe.
You die...
Your body crumbles into a pile of gold.

########
#....@.#
#....#o#
[....#.#.#######
###..$.........#
#.####.#####.#
#.# #$# ..# #.#
#### #.# #>#


You could see an orc.

Vanquished Creatures
  An orc wizard (D:3)
  3 adders
  An ooze (D:3)
  A worm (D:2)
  A dart slug (D:2)
  A leopard gecko (D:1)
  8 orcs
  7 bats
  A giant cockroach (D:2)
  4 goblins
  A hobgoblin (D:3)
  5 jackals (D:1)
  3 quokkas
  3 ball pythons (Sewer)
  7 frilled lizards
  5 kobolds
  4 rats
56 creatures vanquished.

Notes
Turn   | Place    | Note
-------+----------+-------------------------------------------
     0 | D:1      | Amnesiac the Mummy Earth Elementalist began the quest for the Orb.
     0 | D:1      | Reached XP level 1. HP: 13/13 MP: 3/3
   216 | D:1      | Reached XP level 2. HP: 15/19 MP: 3/5
   702 | D:1      | Learned a level 2 spell: Passwall
  1105 | D:2      | Reached skill level 1 in Transmutations
  1213 | D:2      | Found an opulent altar of Gozag.
  1242 | D:2      | Became a worshipper of Gozag Ym Sagoz the Greedy
  1245 | D:2      | Reached XP level 3. HP: 23/24 MP: 2/6
  1530 | D:2      | Reached skill level 1 in Short Blades
  1715 | D:2      | Found a faded altar of an unknown god.
  2082 | D:3      | Reached XP level 4. HP: 30/30 MP: 1/8
  2387 | D:3      | Found a glowing drain.
  2392 | Sewer    | Entered a sewer
  2403 | Sewer    | Learned a level 4 spell: Petrify
  2436 | Sewer    | Noticed Bronet's ghost (novice DrTm)
  2972 | D:4      | Found a staircase to the Ecumenical Temple.
  3033 | D:3      | Slain by an orc

Vault maps used:
D:1:      dpeg_arrival_rhombi, bh_walls_and_bars
D:2:      ecumenical_altar_2, nicolae_gozag_cash_rules_everything_around_me
D:3:      cheibriados_altar_wand_db, lightli_sewer_entry_pipes
D:4:      marbit_many_paths, bloody_makhleb, serial_shops,
          nicolae_shop_waterfront
Sewer:    sewer_co_purgy_island

Skill      XL: |  1  2  3  4 |
---------------+-------------+-----
Earth Magic    | 3 |  3.0
Transmutations | 1 2 |  2.5
Short Blades   | 1 |  1.0
Spellcasting   | 3 |  3.0
Dodging        | |  1.5
Stealth        | |  1.5

Action                   |  1- 3 |  4- 6 || total
-------------------------+-------+-------++-------
 Cast: Sandblast         |    67 |    54 ||   121
  Use: Scroll            |       |     4 ||     4
Armor: Robe              |    11 |     2 ||    13
Dodge: Dodged            |    32 |    23 ||    55
